 Dungeon Crawl Stone Soup version 0.25-a0-842-g81a31cfd23 (webtiles) character file.

Game seed: 11174869462618673497, levelgen mode: classic

11640 Amnesiac the Zephyrmancer (level 11, -31/59 HPs)
             Began as a Deep Elf Air Elementalist on Apr 24, 2020.
             Was the Champion of Dithmenos.
             Killed from afar by a wizard (39 damage)
             ... with a bolt of lightning
             ... on level 11 of the Dungeon.
             The game lasted 00:33:23 (13866 turns).

Amnesiac the Zephyrmancer (DEAE)                   Turns: 13866, Time: 00:33:24

Health: -31/59     AC:  8    Str:  5    XL:     11   Next: 52%
Magic:  5/30       EV: 14    Int: 24    God:    Dithmenos [******]
Gold:   76         SH:  5    Dex: 15    Spells: 18/36 levels left

rFire    + . .     SeeInvis +   a - +2 short sword (elec)
rCold    . . .     Gourm    .   U - +0 buckler
rNeg     . . .     Faith    .   y - +0 steam dragon scales
rPois    .         Spirit   .   w - +0 helmet
rElec    .         Reflect  .   C - +0 cloak
rCorr    .         Harm     .   (no gloves)
MR       +....                  i - +0 pair of boots
Stlth    ++++......             (no amulet)
HPRegen  0.19/turn              G - ring of protection from fire
MPRegen  0.22/turn              l - ring of see invisible

@: very slightly contaminated, wreathed by umbra
A: no striking features
a: Shadow Step, Shadow Form, Renounce Religion


You were on level 11 of the Dungeon.
You worshipped Dithmenos.
Dithmenos was exalted by your worship.
You were hungry.

You visited 2 branches of the dungeon, and saw 12 of its levels.
You also visited: Sewer and Ossuary.

You collected 625 gold pieces.
You spent 549 gold pieces at shops.

Inventory:

Hand Weapons
 a - a +2 short sword of electrocution (weapon)
 b - a +1 dagger of venom
 H - the +4 scythe "Orb Guardian's Regret" {holy, rElec Str-5 Int+4}
   (You found it on level 6 of the Dungeon)

   It has been blessed by the Shining One to cause great damage to the undead
   and demons.
   It affects your strength (-5).
   It affects your intelligence (+4).
   It insulates you from electricity.
 W - the +10 quarterstaff "Selext" {freeze, rN+, unknown}
   (You found it on level 8 of the Dungeon)

   It has been specially enchanted to freeze those struck by it, causing extra
   injury to most foes and up to half again as much damage against particularly
   susceptible opponents.
   It can also slow down cold-blooded creatures.
   It protects you from negative energy.
Missiles
 N - 2 curare-tipped darts (quivered)
Armour
 i - a +0 pair of boots (worn)
 w - a +0 helmet (worn)
 y - +0 steam dragon scales (worn)
 B - a scarf of cloud immunity
 C - a +0 cloak (worn)
 T - a +0 troll leather armour
 U - a +0 buckler (worn)
 V - +0 swamp dragon scales
Jewellery
 l - a ring of see invisible (right hand)
 G - a ring of protection from fire (left hand)
 P - a +3 ring of dexterity
 S - the ring "Fepnoaxy" {Wiz rElec Str+3 Dex+2, unknown}
   (You found it on level 8 of the Dungeon)

   [ring of wizardry]

   It improves your spell success rate.
   It affects your strength (+3).
   It affects your dexterity (+2).
   It insulates you from electricity.
Wands
 f - a wand of iceblast (7)
 g - a wand of acid (19)
 Q - a wand of polymorph (5)
 R - a wand of random effects (23)
 X - a wand of flame (26)
Scrolls
 h - 5 scrolls of teleportation {!r}
 j - 15 scrolls of remove curse {!r}
 k - 3 scrolls of amnesia {!r}
 m - 3 scrolls of enchant armour {!r}
 o - 3 scrolls of fog {!r}
 t - 10 scrolls of identify {!r}
 u - a scroll of acquirement {!r}
 D - 3 scrolls of magic mapping {!r, unknown}
 E - 2 scrolls of fear {!r, unknown}
 J - 2 scrolls of enchant weapon {!r, unknown}
 K - 2 scrolls of immolation {!r, unknown}
 O - a scroll of silence {!r, unknown}
Potions
 d - 2 potions of cancellation {!q}
 e - 5 potions of haste {!q}
 n - 4 potions of resistance {!q}
 p - 2 potions of lignification {!q}
 r - a potion of berserk rage {!q}
 s - 7 potions of curing {!q}
 v - a potion of magic {!q, unknown}
 x - 2 potions of invisibility {!q, unknown}
 z - a potion of ambrosia {!q}
 A - 4 potions of brilliance {!q, unknown}
 F - 2 potions of mutation {!q, unknown}
 I - 4 potions of heal wounds {!q, unknown}
 M - 2 potions of might {!q, unknown}
Miscellaneous
 L - a phantom mirror
Comestibles
 c - 25 rations


   Skills:
 * Level 2.9 Fighting
 - Level 4.0 Dodging
 - Level 3.0 Stealth
 * Level 2.9 Shields
 - Level 13.0 Spellcasting
 - Level 1.1 Conjurations
 - Level 13.5 Air Magic
 - Level 4.0 Evocations


You had 18 spell levels left.
You knew the following spells:

 Your Spells              Type           Power        Failure   Level  Hunger
a - Shock                 Conj/Air       ####         1%          1    None
b - Summon Butterflies    Summ           ###.....     4%          1    None
c - Mephitic Cloud        Conj/Pois/Air  #####...     1%          3    None
d - Lightning Bolt        Conj/Air       ######....   6%          5    ###....
e - Airstrike             Air            ######....   1%          4    None
v - Blink                 Tloc           N/A          7%          2    None
z - Swiftness             Chrm/Air       #####...     1%          2    None

Your spell library contained the following spells:

 Spells                   Type           Power        Failure   Level  Hunger
 Poisonous Vapours        Pois/Air       #####.       1%          2    None
 Static Discharge         Conj/Air       ######..     1%          3    None
 Apportation              Tloc           ###...       4%          1    None
 Sting                    Tmut/Pois      ###.         4%          1    None
 Shroud of Golubria       Chrm/Tloc      ###...       7%          2    None
 Gell's Gravitas          Tloc           ###.......   13%         3    None
 Ignite Poison            Fire/Tmut/Pois ###.....     13%         3    None
 Lesser Beckoning         Tloc           ###.......   13%         3    None
 Teleport Other           Tloc           ###.....     13%         3    None
 Tukima's Dance           Hex            ###.....     13%         3    None
 Olgreb's Toxic Radiance  Pois           ###.....     41%         4    None
 Passage of Golubria      Tloc           N/A          41%         4    None
 Alistair's Intoxication  Tmut/Pois      ###.....     77%         5    ###....
 Invisibility             Hex            ###.....     100%        6    #####..


Dungeon Overview and Level Annotations

Branches:
Dungeon (11/15)            Temple (1/1) D:5             Orc (0/2) D:9
  Sewer (visited)         Ossuary (visited)
   Lair: D:8-11

Altars:
Ashenzari
Cheibriados
Dithmenos
Elyvilon
Fedhas
Gozag
Kikubaaqudgha
Nemelex Xobeh
Okawaru
Qazlal
Sif Muna
Trog
Vehumet
Yredelemnul
Zin
The Shining One

Shops:
D:5 *   D:7 (   D:9 *[


Message History

Aim: a catoblepas (calcifying dust, severely wounded, umbra)
Okay, then.
Casting: Airstrike (safe; 1% risk of failure)
Confirm with . or Enter, or press ? or * to list all spells.
Aiming: Shock (safe; 1% risk of failure)
Press: ? - help, Shift-Dir - straight line, f/p - catoblepas
Aim: a catoblepas (calcifying dust, severely wounded, umbra)
The zap hits the catoblepas.
The catoblepas is severely wounded.
Your shadow mimicks your spell!
The shadow bolt hits the catoblepas!
The catoblepas breathes a plume of calcifying dust at you.
The blast of calcifying dust hits you.
You are engulfed in calcifying dust.
You are slowing down.
Really quaff
d - 3 potions of cancellation {!q}?
You feel limber!
You feel magically purged.
You are engulfed in calcifying dust.
You are slowing down.
The catoblepas breathes a plume of calcifying dust at you.
The blast of calcifying dust hits you.
You have turned to stone.
You are engulfed in calcifying dust.
You are engulfed in calcifying dust.
The catoblepas gores you!!
* * * LOW HITPOINT WARNING * * *
You emit a cloud of dark smoke.
You are engulfed in calcifying dust.
The catoblepas gores you.
* * * LOW HITPOINT WARNING * * *
You are engulfed in calcifying dust.
The wizard hits you but does no damage.
The catoblepas breathes a plume of calcifying dust at you.
The blast of calcifying dust hits you.
* * * LOW HITPOINT WARNING * * *
The wizard gestures at you while chanting.
You resist with some effort.
The catoblepas breathes a plume of calcifying dust at you.
The blast of calcifying dust hits you.
* * * LOW HITPOINT WARNING * * *
The wizard hits you with a +0 dagger.
* * * LOW HITPOINT WARNING * * *
The catoblepas breathes a plume of calcifying dust at you.
The blast of calcifying dust hits you. The wizard hits you but does no damage.
The catoblepas breathes a plume of calcifying dust at you.
The blast of calcifying dust hits you.
* * * LOW HITPOINT WARNING * * *
The wizard hits you but does no damage. The catoblepas gores you!!
* * * LOW HITPOINT WARNING * * *
The wizard hits you but does no damage.
The catoblepas breathes a plume of calcifying dust at you.
The blast of calcifying dust hits you but does no damage.
You are engulfed in calcifying dust.
The wizard hits you but does no damage.
The catoblepas breathes a plume of calcifying dust at you.
The blast of calcifying dust hits you.
You turn to flesh and can move again.
Unknown command.
Unknown command.
Really read
q - a scroll of blinking {!r}?
Blink to where?
Press: ? - help, Dir - move target cursor, p - catoblepas You are very lightly contaminated with residual magic.
As you read the scroll of blinking {!r}, it crumbles to dust.
The wizard casts a spell at you. The bolt of lightning hits you!!!
Ouch! That really hurt!
You die...

#.......# #.....#
#....<..# #.....#
#######.......#####.....#
...........#'##..#......#
...........#.....#......#
...........#.....#......#
...........#.....#......#
.......§...#.....#......#
.........§§#....@#......#
....O....O§####'##......#
..†######'#ZY§§§§..######
...#......#§p......#
y..#......#§§......#
...#......#........#
...#......#........#
...###....#........# #+#
##....#...>....#


You could see a wizard.

Vanquished Creatures
  The ghost of DrMuscles the Grappler, a novice TrMo of Okawaru (D:6)
  A guardian serpent (D:9)
  Maggie (D:8)
  2 trolls
  Prince Ribbit (D:5)
  6 slime creatures (D:10)
  2 hippogriffs (D:10)
  A wyvern (D:10)
  2 hungry ghosts
  Eustachio (D:5)
  A human (D:10)
  11 yaks
  A steam dragon (D:10)
  Grum (D:8)
  4 hogs (D:10)
  Duvessa (D:7)
  2 ice beasts (D:6)
  6 sky beasts
  An eye of draining (D:10)
  2 orc warriors
  A necrophage (D:10)
  4 ogres
  4 phantoms
  7 centaurs
  4 wolves (D:8)
  A big kobold (D:9)
  7 bullfrogs
  A wyvern zombie (D:9)
  Dowan (D:7)
  2 troll zombies (D:9)
  3 killer bees (D:8)
  6 wights
  A bullfrog zombie (D:10)
  4 howler monkeys
  3 crimson imps
  A centaur zombie (D:5)
  4 jellies
  A hound (D:6)
  Crazy Yiuf (D:5)
  2 orc priests
  A centaur skeleton (D:10)
  A bullfrog skeleton (D:7)
  7 iguanas
  11 worker ants
  11 orc wizards
  6 ogre zombies (D:9)
  A hound skeleton (D:9)
  12 mummies (Ossuary)
  2 worker ant zombies
  5 gnolls
  16 adders
  A river rat (D:4)
  4 shadow imps
  14 oozes
  An adder zombie (D:6)
  An adder skeleton (D:9)
  4 worms
  7 dart slugs
  15 leopard geckos
  32 orcs
  19 giant cockroaches
  7 goblins
  4 hobgoblins
  12 jackals
  10 kobolds
  4 quokkas
  18 ball pythons
  5 bats
  13 frilled lizards
  A gnoll skeleton (Ossuary)
  5 goblin skeletons
  4 goblin zombies (D:9)
  3 hobgoblin skeletons (D:9)
  A hobgoblin zombie (D:9)
  A kobold skeleton (Ossuary)
  5 orc skeletons
  12 orc zombies (D:9)
  A quokka skeleton (D:6)
  7 rats
  11 rat skeletons (Ossuary)
401 creatures vanquished.

Notes
Turn   | Place    | Note
-------+----------+-------------------------------------------
     0 | D:1      | Amnesiac the Deep Elf Air Elementalist began the quest for
                  | the Orb.
     0 | D:1      | Reached XP level 1. HP: 10/10 MP: 6/6
   333 | D:2      | Reached XP level 2. HP: 13/15 MP: 6/8
   372 | D:2      | You fall into a shaft and drop 2 floors!
   462 | D:5      | Entered Level 5 of the Dungeon
   831 | D:4      | Reached XP level 3. HP: 16/19 MP: 6/10
   854 | D:4      | Reached skill level 1 in Evocations
   879 | D:4      | Found a glowing drain.
   885 | Sewer    | Entered a sewer
  1052 | Sewer    | Reached XP level 4. HP: 24/24 MP: 6/12
  1058 | Sewer    | Learned a level 4 spell: Airstrike
  1092 | Sewer    | Learned a level 2 spell: Swiftness
  1706 | Sewer    | Reached XP level 5. HP: 24/28 MP: 3/13
  2050 | Sewer    | Reached skill level 5 in Air Magic
  2188 | D:4      | Reached skill level 5 in Spellcasting
  2188 | D:4      | Reached XP level 6. HP: 32/32 MP: 5/15
  2810 | D:5      | Found Cesson's Assorted Antiques.
  2823 | D:5      | Bought a scroll labeled HONGUNORIE for 29 gold pieces
  2823 | D:5      | Bought a scroll labeled VUIVOE GAEC for 29 gold pieces
  2823 | D:5      | Bought a metallic white potion for 26 gold pieces
  2888 | D:5      | Found a staircase to the Ecumenical Temple.
  2888 | D:5      | Noticed a sky beast
  2890 | D:5      | Killed a sky beast
  2890 | D:5      | Reached XP level 7. HP: 36/36 MP: 8/17
  2896 | Temple   | Entered the Ecumenical Temple
  2927 | Temple   | Became a worshipper of Dithmenos the Shadowed
  4124 | D:3      | Found a faded altar of an unknown god.
  4146 | D:3      | Reached * piety under Dithmenos
  4508 | D:5      | Noticed Eustachio
  4528 | D:5      | Killed Eustachio
  4721 | D:5      | Reached XP level 8. HP: 41/41 MP: 8/20
  4804 | D:5      | Found a runed translucent door.
  4805 | D:5      | Noticed Crazy Yiuf
  4832 | D:5      | Reached ** piety under Dithmenos
  4941 | D:5      | Noticed Prince Ribbit
  5363 | D:5      | Killed Prince Ribbit
  5455 | D:5      | Killed Crazy Yiuf
  5504 | D:5      | Learned a level 5 spell: Lightning Bolt
  5536 | D:5      | HP: 2/41 [orc wizard/puff of frost (10)]
  5856 | D:6      | Reached XP level 9. HP: 45/45 MP: 8/23
  5882 | D:6      | Found a sand-covered staircase.
  5905 | D:6      | Got an iridescent scythe
  5922 | D:6      | Lost strength.
  5922 | D:6      | Identified the +4 scythe "Orb Guardian's Regret" {holy,
                  | rElec Str-5 Int+4} (You found it on level 6 of the Dungeon)
  5940 | Ossuary  | Entered an ossuary
  6141 | Ossuary  | Reached *** piety under Dithmenos
  6545 | D:6      | Found a runed translucent door.
  6570 | D:6      | Found a bloodstained altar of Trog.
  6658 | D:6      | Reached skill level 10 in Air Magic
  6878 | D:6      | Found a runed translucent door.
  6879 | D:6      | Noticed DrMuscles's ghost (novice TrMo)
  7363 | D:6      | Killed DrMuscles's ghost
  7363 | D:6      | Reached skill level 10 in Spellcasting
  7377 | D:6      | Reached **** piety under Dithmenos
  7881 | D:7      | You fall into a shaft and drop 3 floors!
  7881 | D:10     | Entered Level 10 of the Dungeon
  8139 | D:10     | Reached XP level 10. HP: 19/50 MP: 13/26
  9090 | D:9      | Found a staircase to the Orcish Mines.
  9099 | D:7      | Noticed Dowan
  9101 | D:7      | Noticed Duvessa
  9103 | D:7      | Killed Dowan
  9105 | D:7      | Killed Duvessa
  9190 | D:7      | Reached ***** piety under Dithmenos
  9581 | D:7      | Found Ulism's Antique Weapon Shop.
  9591 | D:7      | You fall into a shaft and drop 3 floors!
  9684 | D:9      | Found a glowing silver altar of Zin.
 10131 | D:9      | Noticed a guardian serpent
 10134 | D:9      | Killed a guardian serpent
 10358 | D:9      | Reached XP level 11. HP: 54/54 MP: 9/29
 11325 | D:8      | Noticed Grum
 11328 | D:8      | Killed Grum
 11328 | D:8      | Reached skill level 1 in Fighting
 11335 | D:8      | Reached skill level 1 in Shields
 11454 | D:8      | Got a twitching copper ring
 11602 | D:8      | Noticed Maggie
 11618 | D:8      | Killed Maggie
 11668 | D:8      | Got a scorched quarterstaff
 11987 | D:7      | Learned a level 1 spell: Summon Butterflies
 11991 | D:7      | Learned a level 3 spell: Mephitic Cloud
 12496 | D:8      | Found a sparkling altar of Nemelex Xobeh.
 12871 | D:9      | Found Huvvar's Antique Armour Emporium.
 12950 | D:9      | Found Qierasar's Assorted Antiques.
 12956 | D:9      | Bought a scroll labeled IHOV VOUSHA for 26 gold pieces
 12956 | D:9      | Bought a scroll labeled CORATY MOTIB for 26 gold pieces
 12956 | D:9      | Bought a sedimented dark potion for 23 gold pieces
 12956 | D:9      | Bought a runed metal-bound book for 390 gold pieces
 12959 | D:9      | Learned a level 2 spell: Blink
 13595 | D:10     | Reached ****** piety under Dithmenos
 13835 | D:11     | Noticed a catoblepas
 13835 | D:11     | Noticed a two-headed ogre
 13838 | D:11     | Noticed a wizard
 13866 | D:11     | Killed from afar by a wizard

Levels and vault maps discovered:
D:1:      kennysheep_arrival_forest, layout_rooms
D:2:      layout_basic
D:3:      layout_rooms, chequers_ecumenical_altar_simple, first_ration,
          st_stairs_14, amethyst_killhole
D:4:      layout_basic, portal_sewer_entry_e, minmay_misc_feat_secret_circle,
          minmay_vboxes
D:5:      layout_basic, minmay_temple_entry_enclosed_plants, serial_shops, shop,
          uniq_crazy_yiuf_cottage, uniq_prince_ribbit1, uniq_eustachio
D:6:      layout_loops_cross, enter_ossuary_1, ebering_ghost_sewer_f,
          grunt_ministairs_6, minmay_ruined_shrine
D:7:      layout_loops_cross, serial_shops, nicolae_shop_overgrown_old_shop,
          kennysheep_crisscross, uniq_duvessa
D:8:      layout_basic, lemuel_round_altar, uniq_grum, uniq_maggie
D:9:      layout_loops_ring, zombieorc2_lemuel, serial_shops, shop,
          nicolae_shop_crystal, basic_altar, grunt_decor_arrowhead,
          minivault_14, nrook_guardian_serpent_double
D:10:     layout_gridville, grunt_livestock, statue_in_the_mist_lemuel
D:11:     layout_gridville, grunt_lair_entry_orc_guard_hut, minivault_28,
          uniq_sonja
Temple:   compressed_dpeg_circular_temple

Skill      XL: |  1  2  3  4  5  6  7  8  9 10 11 |
---------------+----------------------------------+-----
Evocations     | 1 2 3 4 |  4.0
Air Magic      | 4 5 6 7 9 11 13 | 13.5
Spellcasting   | 4 5 6 8 10 12 13 | 13.0
Stealth        | 3 |  3.0
Fighting       | 2 |  2.9
Shields        | 2 |  2.9
Dodging        | 4 |  4.0
Conjurations   | |  1.1

Action                   |  1- 3 |  4- 6 |  7- 9 | 10-12 || total
-------------------------+-------+-------+-------+-------++-------
Melee: Unarmed           |     1 |       |       |       ||     1
       Dagger            |     4 |     1 |    13 |       ||    18
       Short sword       |       |       |     1 |    12 ||    13
 Cast: Shock             |    52 |   149 |   218 |   177 ||   596
       Airstrike         |       |     9 |    95 |   155 ||   259
  Use: Scroll            |     1 |       |    14 |     2 ||    17
       Potion            |       |       |       |     6 ||     6
 Stab: Sleeping          |     2 |       |     2 |       ||     4
  Eat: Chunk             |       |     7 |    21 |    13 ||    41
       Ration            |       |       |       |     1 ||     1
Armor: Robe              |     5 |     6 |    11 |     4 ||    26
       Skin              |       |       |       |     7 ||     7
       Steam dragon scal |       |       |       |     7 ||     7
Dodge: Dodged            |    18 |    21 |    57 |    43 ||   139
Block: Buckler           |       |       |       |     7 ||     7

Table legend:
 A = Non-vault XP
 B = Vault XP
 C = Vault XP percentage of total XP
 D = Non-vault monster count
 E = Vault monster count
 F = Vault count percentage of total count
                 A         B        C        D         E       F
            +---------+---------+-------+---------+---------+-------
      Total |   10958 |    5671 |  34.1 |     226 |     175 |  43.6
            +---------+---------+-------+---------+---------+-------
        D:1 |      32 |       0 |   0.0 |      18 |       0 |   0.0
        D:2 |      28 |       0 |   0.0 |       8 |       0 |   0.0
        D:3 |     187 |       4 |   2.1 |      31 |       2 |   6.1
        D:4 |      71 |      57 |  44.5 |       9 |      11 |  55.0
        D:5 |    1242 |     511 |  29.2 |      34 |       3 |   8.1
        D:6 |    1029 |    1217 |  54.2 |      19 |      18 |  48.6
        D:7 |    1365 |     206 |  13.1 |      20 |       2 |   9.1
        D:8 |     819 |    1037 |  55.9 |      13 |       6 |  31.6
        D:9 |    2458 |    1077 |  30.5 |      27 |      36 |  57.1
       D:10 |    3685 |     846 |  18.7 |      46 |       5 |   9.8
       D:11 |      42 |     181 |  81.2 |       1 |       2 |  66.7
      Sewer |       0 |     305 | 100.0 |       0 |      59 | 100.0
    Ossuary |       0 |     230 | 100.0 |       0 |      31 | 100.0
            +---------+---------+-------+---------+---------+-------
